Unix NetHack Version 5.0.0-0 post-release - last build May 31 2026 23:59:36 (970b52f25bf058293b47ddfd14a1e40e571c508c,branch:main).

Game began 2026-06-08 19:12:42, ended 2026-06-08 19:54:46.

Frompor, neutral female human Valkyrie

                                                  # #**   ---
                             ---------------------...---....|#         ---
                             |...............................         --.---
                             |..  --------.....#.......-- ..|         |....--
                             -...     |..|.....[..{....-- ..-      ---|.....|
                             |..G     |..|..----.....#..|  .      ....|....--
                               ...----|..|..|  |........|  .-       -......|
                                 ...h.|-|-..|  --+--...-. -.|     ---......|
                                 --@---.....-+--   |...|. |.--  ---........--
                                 |......%......|   |...+  ...|  |...........|
                                 |...{.[------+-   |...----..|---..-.......--
                          |   -+--.....@|..(|      |.........|.............--
                          -.............-.((|      |.........%..........<...|
                              -+---+--..|.((|      |..-----......---.......--
                                     |..-----      |..|   |........|.......|
                                     |...          -..    |.|...--.-----.|.-
                                     |....         ...|   |.|----  .   --|..
                                     |......      ....|   |.|      --    --.-
                                     --------    ------   ---              ..
                                                                            .
                                                                            --
Frompor the Fighter         St:14 Dx:15 Co:18 In:8 Wi:8 Ch:9  Neutral S:2594
Dlvl:7  $:86 HP:0(65) Pw:10(10) AC:6  Xp:6/552 T:2614 

Latest messages:
 You kill the gnome lord!
 The werejackal hits!
 You hit the werejackal!
 The werejackal hits!
 You kill the werejackal!
 There is a gnome lord corpse here; eat it? [ynq] (n) y
 This gnome lord corpse is gamey.
 You stop eating the gnome lord corpse.
 The gnome picks up a food ration.
 You hit the gnome.
 The gnome just misses!
 You kill the gnome!
 There is a partly eaten gnome lord corpse here; eat it? [ynq] (n) y
 You resume your meal.
 You stop eating the gnome lord corpse.
 You see here a food ration.
 There is a food ration here; eat it? [ynq] (n) n
 What do you want to eat? [dowHNS or ?*] ,
 You don't have that object.
 What do you want to eat? [dowHNS or ?*] <esc>
 Never mind.
 You see here a food ration.
 You learn more about your items by comparing them.
 d - an uncursed food ration (6 in total).
 You hear a door open.
 You hear crashing rock.
 You see here a gnome corpse.
 What do you want to throw? [$bxBD or ?*] ?
 Never mind.
 You see here 10 rocks.
 You hear crashing rock.
 You see a gas cloud dissipate.
 You hit the dwarf!
 You kill the dwarf!
 You kill the gecko!
 You feel an unexpected draft.
 You hear crashing rock.
 You hear bubbling water.
 You see here a very corroded pair of iron shoes.
 You hear a door open.
 The door opens.
 You hear a door open.
 The dwarf thrusts her dwarvish short sword.
 The dwarf hits!
 You miss the dwarf.
 You miss the dwarf.
 The dwarf thrusts her dwarvish short sword.
 The dwarf hits!
 You die...
 Do you want your possessions identified? [ynq] (y) q

Inventory:
 Coins    ('$')
  $ - 86 gold pieces
 Weapons  (')')
  D - 26 +0 arrows
  x - a cursed +0 boomerang
  B - 4 blessed +2 daggers
  b - 3 +0 daggers (alternate weapons; not wielded)
  a - a +1 spear (weapon in right hand)
 Armor    ('[')
  l - an uncursed rusty +0 orcish helm (being worn)
  f - an uncursed +0 orcish shield
  c - an uncursed +3 small shield (being worn)
  I - an uncursed +0 dwarvish cloak (being worn)
 Comestibles  ('%')
  o - 2 uncursed carrots
  d - 6 uncursed food rations
  H - an uncursed fortune cookie
  w - 2 uncursed tripe rations
  S - an uncursed tin of broiled bugbear meat
  N - an uncursed tin of dried hobbit meat
 Scrolls  ('?')
  C - an uncursed scroll of destroy armor
  m - an uncursed scroll of enchant weapon
  i - an uncursed scroll of identify
  v - an uncursed scroll of teleportation
 Spellbooks  ('+')
  t - an uncursed spellbook of knock
 Potions  ('!')
  E - an uncursed potion of extra healing
  g - an uncursed potion of full healing
  k - a blessed potion of healing
  j - 3 uncursed potions of healing
  e - an uncursed potion of restore ability
 Rings    ('=')
  L - an uncursed ring of fire resistance
 Wands    ('/')
  Q - a wand of digging (0:8)
  z - a wand of lightning (0:8)
  n - a cursed wand of magic missile (0:8)
  R - a wand of secret door detection (0:12)
 Tools    ('(')
  K - an uncursed leash
  P - a +0 pick-axe
  G - an uncursed tallow candle
  p - an uncursed tin whistle
  F - a cursed partly used wax candle
 Gems/Stones  ('*')
  T - 2 uncursed worthless pieces of blue glass
  M - 2 uncursed worthless pieces of green glass
  q - an uncursed worthless piece of orange glass
  y - 3 uncursed worthless pieces of red glass
  A - an uncursed worthless piece of violet glass
  h - 4 uncursed worthless pieces of yellow glass
  J - an uncursed worthless piece of yellowish brown glass

Frompor the Valkyrie's attributes:

Background:
 You were a Fighter, a level 6 human Valkyrie.
 You were neutral, on a mission for Odin
 who was opposed by Tyr (lawful) and Loki (chaotic).
 You were right-handed.
 You were in the Gnomish Mines, on level 7.
 You entered the dungeon 2614 turns ago.
 You had 552 experience points, 88 more were needed to attain level 7.
 Your score was 2594 before end-of-game adjustments.

Basics:
 You had 0 out of 65 hit points.
 You had all 10 energy points (spell power).
 Your armor class was 6.
 Your wallet contained 86 zorkmids.
 Autopickup was off.

Final Characteristics:
 Your strength was 14 (peak:17, limit:18/100).
 Your dexterity was 15 (limit:18).
 Your constitution was 18 (limit:18).
 Your intelligence was 8 (limit:18).
 Your wisdom was 8 (peak:9, limit:18).
 Your charisma was 9 (limit:18).

Final Status:
 You weren't hungry.
 You were unencumbered.
 You were wielding a spear.
 You were skilled in spear.

Final Attributes:
 You were piously aligned.
 Your items were somewhat protected from fire.
 You were cold resistant.
 Your items were somewhat protected from cold.
 You were stealthy.
 You were warded.
 You are dead.

Miscellaneous:
 You didn't encounter any bones levels.
 Total elapsed playing time was 42 minutes and 3 seconds.

Major events:
 Turn
    1: Frompor the neutral human Valkyrie entered the dungeon
  972: attained the rank of Skirmisher (level 3)
 1440: entered the Gnomish Mines
 2241: attained the rank of Fighter (level 6)
 2440: reached Mine Town
 2614: killed by a dwarf

You didn't know any spells.

Skills:
 Fighting Skills
   bare handed combat [Unskilled]
   two weapon combat  [Unskilled]
   riding             [Unskilled]
 Weapon Skills
   dagger             [Basic]
   axe                [Unskilled]
   pick-axe           [Unskilled]
   short sword        [Unskilled]
   broadsword         [Unskilled]
   long sword         [Unskilled]
   two-handed sword   [Unskilled]
   saber              [Unskilled]
   hammer             [Unskilled]
   quarterstaff       [Unskilled]
   polearms           [Unskilled]
   spear              [Skilled]
   trident            [Unskilled]
   lance              [Unskilled]
   sling              [Unskilled]
 Spellcasting Skills
   attack spells      [Unskilled]
   escape spells      [Unskilled]

Voluntary challenges:
 Character rerolling was not enabled.
 You were illiterate.
 You never genocided any monsters.
 You never polymorphed an object.
 You never changed form.
 You used no wishes.
Achievements:
 You entered a shop.
 You attained the rank of Skirmisher.
 You entered the Gnomish Mines.
 You attained the rank of Fighter.
 You entered Minetown.

 The Dungeons of Doom: levels 1 to 4
    Level 1:
       A fountain.
    Level 2:
       A fountain, a sink.
    Level 3:
       A vegetarian food shop.
       Stairs down to The Gnomish Mines.
    Level 4:
       An altar.
 The Gnomish Mines: levels 4 to 7
    Level 4:
    Level 5:
    Level 6:
    Level 7: <- You were here.
       A tool shop, some fountains, some trees.
       Final resting place for
          you, killed by a dwarf.


Vanquished creatures:
 an imp
  7 gnome leaders
  a little dog
  6 dwarves
  a kobold shaman
  2 werejackals
  2 iguanas
  a gas spore
  2 hobbits
  a large kobold
  a hobgoblin
  a yellow mold
  2 red molds
 27 gnomes
  3 geckos
  2 jackals
  a kobold
  a goblin
  3 grid bugs
  2 bats
  3 lichens
  6 newts
76 creatures vanquished.

No species were genocided or became extinct.

Game over:
                       ----------
                      /          \
                     /    REST    \
                    /      IN      \
                   /     PEACE      \
                  /                  \
                  |     Frompor      |
                  |      86 Au       |
                  |   killed by a    |
                  |      dwarf       |
                  |                  |
                  |                  |
                  |       2026       |
                 *|     *  *  *      | *
        _________)/\\_//(\/(/\)/\//\/|_)_______

Farvel Frompor the Valkyrie...

You died in The Gnomish Mines on dungeon level 7 with 2586 points,
and 86 pieces of gold, after 2614 moves.
You were level 6 with a maximum of 65 hit points when you died.

